 Dungeon Crawl Stone Soup version 0.23.0-3-gf3c87f2df8 (webtiles) character file.

Game seed: 11606326800276875887

338 Ivernyr the Chiller (level 6, -4/41 HPs)
             Began as a Barachi Ice Elementalist on Feb 20, 2019.
             Killed by nerve-wracking pain
             ... invoked by Grinder
              (14 damage)
             ... while paralysed by Grinder
             ... on level 3 of the Dungeon.
             The game lasted 00:11:23 (4315 turns).

Ivernyr the Chiller (Barachi Ice Elementalist)      Turns: 4315, Time: 00:11:23

Health: -4/41      AC:  3    Str: 10    XL:     6   Next: 55%
Magic:  10/11      EV:  2    Int: 17    God:
Gold:   147        SH:  0    Dex: 12    Spells: 8/12 levels left

rFire    . . .     SeeInvis .   l - +1 falchion (venom)
rCold    . . .     Gourm    .   (no shield)
rNeg     . . .     Faith    .   a - +0 robe
rPois    .         Spirit   .   (no helmet)
rElec    .         Reflect  .   (no cloak)
rCorr    .         Harm     .   (no gloves)
MR       .....                  s - +0 pair of boots
Stlth    ++........             (no amulet)
HPRegen  0.13/turn              (no ring)
MPRegen  0.12/turn              (no ring)

@: paralysed, slow
A: +LOS, swims, slowness 1, strong legs 1
a: Hop


You were on level 3 of the Dungeon.
You were not hungry.

You visited 1 branch of the dungeon, and saw 3 of its levels.

You collected 147 gold pieces.

Inventory:

Hand Weapons
 k - a +0 trident
 l - a +1 falchion of venom (weapon)
Armour
 a - a +0 robe (worn)
 s - a +0 pair of boots (worn)
Wands
 q - a wand of enslavement (8)
Scrolls
 d - 7 scrolls of identify {unknown}
 e - 2 scrolls of teleportation {unknown}
 f - 2 scrolls of fear {unknown}
 m - a scroll of blinking {unknown}
 n - 4 scrolls of enchant weapon {unknown}
 r - a scroll of remove curse {unknown}
Potions
 b - a potion of lignification {unknown}
 g - a potion of degeneration {unknown}
 h - a potion of brilliance
 i - a potion of might {unknown}
 j - a potion of flight {unknown}
 o - 3 potions of heal wounds {unknown}
 p - a potion of invisibility {unknown}
Comestibles
 c - 8 rations


   Skills:
 + Level 4.1 Dodging
 - Level 1.7 Stealth
 + Level 3.8 Spellcasting
   Level 1.1 Conjurations
 * Level 6.6 Ice Magic


You had 8 spell levels left.
You knew the following spells:

 Your Spells              Type           Power        Failure   Level  Hunger
a - Freeze                Ice            ####         1%          1    None
b - Ozocubu's Armour      Chrm/Ice       ##......     12%         3    ###....

Your spell library contained the following spells:

 Spells                   Type           Power        Failure   Level  Hunger
 Throw Frost              Conj/Ice       ###...       4%          2    ##.....
 Throw Icicle             Conj/Ice       ###.....     32%         4    ####...
 Summon Ice Beast         Ice/Summ       ##......     38%         4    ####...


Dungeon Overview and Level Annotations

Branches:
Dungeon (3/15)

Altars:
Ashenzari
Dithmenos
Makhleb
Nemelex Xobeh
Okawaru
Sif Muna
Wu Jian

Annotations:
D:3 Grinder


Innate Abilities, Weirdness & Mutations

Shadows flee at your approach. (+LOS)
You can swim through water.
You cover ground slowly.
You can hop short distances.


Message History

Pain shoots through your body! Grinder hits you.
* * * LOW HITPOINT WARNING * * *
You writhe in agony.
* * * LOW HITPOINT WARNING * * *
You closely miss Grinder.
Grinder is severely wounded.
Grinder closely misses you.
You riposte.
You barely miss Grinder.
Grinder is severely wounded.
Unknown command.
You barely miss Grinder.
Grinder is severely wounded.
Grinder looks more healthy.
Grinder blinks!
Grinder gestures at you.
You barely resist. Grinder gestures at you.
You suddenly lose the ability to move!
Grinder says, "Just stop there for a second..."
Grinder gestures at you. Pain shoots through your body!
You die...

### ##.. ##..#
#########..##
#########............
#...@.!....##....####
#.###.........#### ##
....5.......## ##.
#####........######..
#.........)......
#..............).
#...............÷
#..^..........)†.
#............)[..


You could see Grinder.

Vanquished Creatures
  2 orc priests (D:3)
  Ijyb (D:3)
  An orc wizard (D:3)
  4 gnolls (D:2)
  8 adders
  2 oozes (D:1)
  3 dart slugs
  A leopard gecko (D:2)
  14 orcs
  5 giant cockroaches
  12 goblins
  6 hobgoblins
  5 jackals
  5 kobolds (D:1)
  A quokka (D:2)
  A ball python (D:2)
  9 bats
  6 frilled lizards
  10 rats
96 creatures vanquished.

Notes
Turn   | Place    | Note
-------+----------+-------------------------------------------
     0 | D:1      | Ivernyr the Barachi Ice Elementalist began the quest for
                  | the Orb.
     0 | D:1      | Reached XP level 1. HP: 13/13 MP: 3/3
    60 | D:1      | Reached skill level 4 in Ice Magic
    60 | D:1      | Reached XP level 2. HP: 18/19 MP: 0/5
   722 | D:1      | Reached XP level 3. HP: 11/24 MP: 0/6
   886 | D:1      | Learned a level 3 spell: Ozocubu's Armour
  1074 | D:1      | Found an iron altar of Okawaru.
  1370 | D:2      | Reached XP level 4. HP: 7/30 MP: 0/8
  1377 | D:2      | Reached skill level 5 in Ice Magic
  2072 | D:2      | Reached XP level 5. HP: 4/35 MP: 5/9
  2769 | D:2      | Found a sparkling altar of Nemelex Xobeh.
  2770 | D:2      | Found a shattered altar of Ashenzari.
  2775 | D:2      | Found a shadowy altar of Dithmenos.
  2777 | D:2      | Found a burning altar of Makhleb.
  3133 | D:2      | Found a deep blue altar of Sif Muna.
  3319 | D:3      | Found an ornate altar of the Wu Jian Council.
  3390 | D:3      | Reached skill level 6 in Ice Magic
  3787 | D:3      | Reached XP level 6. HP: 22/41 MP: 4/11
  3787 | D:3      | Noticed Ijyb
  3934 | D:3      | Killed Ijyb
  4296 | D:3      | Noticed Grinder
  4314 | D:3      | Paralysed by Grinder for 4 turns
  4315 | D:3      | Killed from afar by Grinder

Skill      XL: |  1  2  3  4  5  6 |
---------------+-------------------+-----
Ice Magic      | 4 5 6 |  6.6
Dodging        | 3 4 |  4.1
Spellcasting   | 3 |  3.8
Stealth        | |  1.7
Conjurations   | |  1.1

Action                   |  1- 3 |  4- 6 || total
-------------------------+-------+-------++-------
Melee: Unarmed           |    22 |       ||    22
       Falchion          |    13 |    94 ||   107
 Cast: Freeze            |    48 |    65 ||   113
       Ozocubu's Armour  |       |     1 ||     1
 Abil: Hop               |     1 |     1 ||     2
  Use: Potion            |       |     2 ||     2
 Stab: Sleeping          |     1 |     2 ||     3
  Eat: Chunk             |     2 |    10 ||    12
Armor: Robe              |     9 |    19 ||    28
Dodge: Dodged            |    46 |   112 ||   158
       Rpst.: Falchion   |     1 |    33 ||    34
